| TOP OF THE 1ST |
|
Charleston RiverDogs batting - Pitching for Greenville Drive : RHP Salisbury Swanson
|
|
Pitching: RHP Salisbury Swanson
|
|
|
Batting: LHB Tatsuo Yasui
|
0-0: Called Strike 0-1: Foul Ball, location: 2F 0-2: Fly out, F7 (Line Drive, 7D, EV 106.9 MPH)
|
|
Batting: SHB Blake Abbott
|
0-0: Ball 1-0: Ball 2-0: Called Strike 2-1: Ball 3-1: SINGLE (Groundball, 6D, EV 108.1 MPH)
|
|
Batting: RHB James Boynton
|
0-0: Ball 1-0: Ball 2-0: Ball 3-0: Base on Balls Blake Abbott to second
|
|
Batting: SHB Reagan Dudley
|
0-0: Ball 1-0: Called Strike 1-1: Swinging Strike 1-2: Strikes out swinging
|
|
Batting: LHB Eddie Ramirez
|
0-0: Called Strike 0-1: Ball 1-1: Ball 2-1: DOUBLE (Groundball, 5L, EV 109.4 MPH) Blake Abbott scores James Boynton to third Runner from 3rd tries for Home, SAFE, throw by LF to home
|
|
Batting: RHB Eric Blais
|
0-0: Ball 1-0: Ground out 5-3 (Groundball, 56S, EV 79.4 MPH)
|
| Top of the 1st over - 2 runs, 2 hits, 0 errors, 1 left on base; Charleston 2 - Greenville 0 |
| BOTTOM OF THE 1ST |
|
Greenville Drive batting - Pitching for Charleston RiverDogs : RHP Soh Kawashima
|
|
Pitching: RHP Soh Kawashima
|
|
|
Batting: RHB David Norum
|
0-0: Foul Ball, location: 2F 0-1: Ground out 1-3 (Groundball, 15S, EV 62.5 MPH)
|
|
Batting: LHB Sergio Tinoco
|
0-0: Ball 1-0: Ball 2-0: Foul Ball, location: 2F 2-1: Ball 3-1: Ground out 1-3 (Groundball, P, EV 66.3 MPH)
|
|
Batting: RHB Dan Friess
|
0-0: Ball 1-0: SINGLE (Line Drive, 34D, EV 96.3 MPH)
|
|
Batting: RHB Devon Fourcade
|
0-0: Ball 1-0: Fielders Choice at 2nd, 6-4 (Groundball, 6, EV 101.3 MPH)
|
| Bottom of the 1st over - 0 runs, 1 hit, 0 errors, 1 left on base; Charleston 2 - Greenville 0 |
| TOP OF THE 2ND |
|
Charleston RiverDogs batting - Pitching for Greenville Drive : RHP Salisbury Swanson
|
|
Batting: RHB Miguel Leal
|
0-0: Ball 1-0: Fly out, F9 (Flyball, 9, EV 81.9 MPH)
|
|
Batting: RHB Nick Massengale
|
0-0: Ball 1-0: Ball 2-0: Called Strike 2-1: Called Strike 2-2: Foul Ball, location: 2F 2-2: Ball 3-2: Reached on error, E5 (Groundball, 5, EV 101.9 MPH)
|
|
Batting: SHB Plácido Barrrenho
|
0-0: Called Strike 0-1: Ball 1-1: Ball 2-1: Swinging Strike 2-2: Foul Ball, location: 2F 2-2: Ball 3-2: SINGLE (Flyball, 3D, EV 89.4 MPH) Nick Massengale to third
|
|
Batting: LHB Tatsuo Yasui
|
0-0: Ball 1-0: Called Strike 1-1: Ball 2-1: Ball 3-1: Called Strike 3-2: Fly out, F9 (Flyball, 9S, EV 92.5 MPH)
|
|
Batting: SHB Blake Abbott
|
0-0: Called Strike 0-1: Ball 1-1: Swinging Strike 1-2: Strikes out swinging
|
| Top of the 2nd over - 0 runs, 1 hit, 1 error, 2 left on base; Charleston 2 - Greenville 0 |
| BOTTOM OF THE 2ND |
|
Greenville Drive batting - Pitching for Charleston RiverDogs : RHP Soh Kawashima
|
|
Batting: RHB John Chiesa
|
0-0: Called Strike 0-1: Foul Ball, location: 2F 0-2: Ground out 5-3 (Groundball, 56, EV 77.5 MPH)
|
|
Batting: RHB Larry Brocato
|
0-0: Called Strike 0-1: Foul Ball, location: 2F 0-2: Ball 1-2: Ball 2-2: Strikes out looking
|
|
Batting: RHB David Clark
|
0-0: Ball 1-0: Ball 2-0: Called Strike 2-1: Ball 3-1: Ground out 5-3 (Groundball, 5, EV 85.0 MPH)
|
| Bottom of the 2nd over - 0 runs, 0 hits, 0 errors, 0 left on base; Charleston 2 - Greenville 0 |
| TOP OF THE 3RD |
|
Charleston RiverDogs batting - Pitching for Greenville Drive : RHP Salisbury Swanson
|
|
Batting: RHB James Boynton
|
0-0: Called Strike 0-1: Swinging Strike 0-2: Ball 1-2: Foul Ball, location: 2F 1-2: Fly out, F7 (Flyball, 7LM, EV 80.0 MPH)
|
|
Batting: SHB Reagan Dudley
|
0-0: Ball 1-0: Fly out, F8 (Line Drive, 8LD, EV 96.9 MPH)
|
|
Batting: LHB Eddie Ramirez
|
0-0: Ball 1-0: Ball 2-0: Called Strike 2-1: DOUBLE (Line Drive, 89XD, EV 104.4 MPH)
|
|
Batting: RHB Eric Blais
|
0-0: Fly out, F4 (Line Drive, 4, EV 75.0 MPH)
|
| Top of the 3rd over - 0 runs, 1 hit, 0 errors, 1 left on base; Charleston 2 - Greenville 0 |
| BOTTOM OF THE 3RD |
|
Greenville Drive batting - Pitching for Charleston RiverDogs : RHP Soh Kawashima
|
|
Batting: RHB Adugna Chandu
|
0-0: Ball 1-0: Ground out 5-3 (Groundball, 56, EV 93.1 MPH)
|
|
Batting: RHB Mike Cavagnaro
|
0-0: Ball 1-0: SINGLE (Groundball, 6D, EV 94.4 MPH)
|
|
Batting: RHB David Norum
|
0-0: Foul Ball, location: 2F 0-1: Ball 1-1: Foul Ball, location: 2F 1-2: Foul Ball, location: 2F 1-2: Foul Ball, location: 2F 1-2: Foul Ball, location: 2F 1-2: Ball 2-2: Strikes out looking
|
|
Batting: LHB Sergio Tinoco
|
0-0: Called Strike 0-1: Ball 1-1: Ball 2-1: Called Strike 2-2: SINGLE (Groundball, 34S, EV 70.0 MPH) (infield hit) Mike Cavagnaro to second
|
|
Batting: RHB Dan Friess
|
0-0: Ball 1-0: Fly out, F7 (Line Drive, 7LM, EV 107.5 MPH)
|
| Bottom of the 3rd over - 0 runs, 2 hits, 0 errors, 2 left on base; Charleston 2 - Greenville 0 |
| TOP OF THE 4TH |
|
Charleston RiverDogs batting - Pitching for Greenville Drive : RHP Salisbury Swanson
|
|
Batting: RHB Miguel Leal
|
0-0: Ball 1-0: Ball 2-0: Called Strike 2-1: SINGLE (Groundball, 6MD, EV 95.0 MPH)
|
|
Batting: RHB Nick Massengale
|
0-0: Called Strike 0-1: Ball Wild Pitch! Miguel Leal to second 1-1: Ball 2-1: Ground out 6-3 (Groundball, 6, EV 110.6 MPH)
|
|
Batting: SHB Plácido Barrrenho
|
0-0: Called Strike 0-1: Called Strike Miguel Leal steals 3rd base (no throw) 0-2: Strikes out swinging
|
|
Batting: LHB Tatsuo Yasui
|
0-0: Ball 1-0: Ball 2-0: Ball 3-0: Called Strike 3-1: Base on Balls
|
|
Batting: SHB Blake Abbott
|
0-0: Ball 1-0: Foul Ball, location: 2F 1-1: Ball 2-1: SINGLE (Line Drive, 89S, EV 98.8 MPH) Miguel Leal scores Tatsuo Yasui to second Runner from 2nd tries for 3rd, SAFE, throw by RF made to third
|
|
Batting: RHB James Boynton
|
0-0: Ball 1-0: Ball 2-0: Foul Ball, location: 2F 2-1: Foul Ball, location: 2F 2-2: Foul Ball, location: 2F 2-2: Ball 3-2: Base on Balls Blake Abbott to second
|
|
Pitching: RHP Perry Mills
|
|
|
Batting: SHB Reagan Dudley
|
0-0: Called Strike 0-1: Swinging Strike 0-2: Ball 1-2: Strikes out looking
|
| Top of the 4th over - 1 run, 2 hits, 0 errors, 3 left on base; Charleston 3 - Greenville 0 |
| BOTTOM OF THE 4TH |
|
Greenville Drive batting - Pitching for Charleston RiverDogs : RHP Soh Kawashima
|
|
Batting: RHB Devon Fourcade
|
0-0: Hit by Pitch
|
|
Batting: RHB John Chiesa
|
0-0: Called Strike 0-1: Ball 1-1: Fly out, F7 (Flyball, 7, EV 90.0 MPH)
|
|
Batting: RHB Larry Brocato
|
0-0: Ball 1-0: Foul Ball, location: 2F 1-1: Ball 2-1: Fly out, F9 (Line Drive, 9, EV 90.6 MPH)
|
|
Batting: RHB David Clark
|
0-0: Called Strike 0-1: Ball 1-1: Foul Ball, location: 2F 1-2: Ball 2-2: Ground out U3 (Groundball, 13, EV 80.6 MPH)
|
| Bottom of the 4th over - 0 runs, 0 hits, 0 errors, 1 left on base; Charleston 3 - Greenville 0 |
| TOP OF THE 5TH |
|
Charleston RiverDogs batting - Pitching for Greenville Drive : RHP Perry Mills
|
|
Batting: LHB Eddie Ramirez
|
0-0: Ball 1-0: Foul Ball, location: 2F 1-1: Ball 2-1: Ball 3-1: Base on Balls
|
|
Batting: RHB Eric Blais
|
0-0: Called Strike 0-1: Ball 1-1: Ball 2-1: Fly out, F7 (Flyball, 7LM, EV 90.0 MPH)
|
|
Batting: RHB Miguel Leal
|
0-0: Ball 1-0: Ball 2-0: Grounds into double play, 4-6-3 (Groundball, 4, EV 105.6 MPH)
|
| Top of the 5th over - 0 runs, 0 hits, 0 errors, 0 left on base; Charleston 3 - Greenville 0 |
| BOTTOM OF THE 5TH |
|
Greenville Drive batting - Pitching for Charleston RiverDogs : RHP Soh Kawashima
|
|
Batting: RHB Adugna Chandu
|
0-0: Ball 1-0: Ball 2-0: Swinging Strike 2-1: Ball 3-1: Ground out 6-3 (Groundball, 6, EV 87.5 MPH)
|
|
Batting: RHB Mike Cavagnaro
|
0-0: Called Strike 0-1: Ball 1-1: Swinging Strike 1-2: Ball 2-2: Reached on error, E6 (Groundball, 6, EV 81.3 MPH)
|
|
Batting: RHB David Norum
|
0-0: Called Strike 0-1: Ground out 4-3 (Groundball, 4, EV 85.0 MPH) Mike Cavagnaro to third
|
|
Batting: LHB Sergio Tinoco
|
0-0: Ball 1-0: Called Strike 1-1: Ground out 4-3 (Groundball, 4M, EV 80.6 MPH)
|
| Bottom of the 5th over - 0 runs, 0 hits, 1 error, 1 left on base; Charleston 3 - Greenville 0 |
| TOP OF THE 6TH |
|
Charleston RiverDogs batting - Pitching for Greenville Drive : RHP Perry Mills
|
|
Batting: RHB Nick Massengale
|
0-0: Ball 1-0: Ball 2-0: SOLO HOME RUN (Flyball, 78XD, EV 106.9 MPH), Distance : 432 ft
|
|
Batting: SHB Plácido Barrrenho
|
0-0: Ground out 4-3 (Groundball, 4, EV 101.9 MPH)
|
|
Batting: LHB Tatsuo Yasui
|
0-0: Called Strike 0-1: Ball 1-1: TRIPLE (Flyball, 89XD, EV 105.6 MPH)
|
|
Pitching: LHP Jason Kell
|
|
|
Batting: SHB Blake Abbott
|
0-0: Called Strike 0-1: Ball 1-1: Ball 2-1: Swinging Strike 2-2: Ball 3-2: 2-RUN HOME RUN (Line Drive, 9D, EV 98.8 MPH), Distance : 394 ft
|
|
Batting: RHB James Boynton
|
0-0: Foul Ball, location: 2F 0-1: Foul Ball, location: 2F 0-2: Ball 1-2: Ball 2-2: Strikes out looking
|
|
Batting: SHB Reagan Dudley
|
0-0: Ball 1-0: Foul Ball, location: 2F 1-1: Foul Ball, location: 2F 1-2: Ball 2-2: Foul Ball, location: 2F 2-2: Ground out 6-3 (Groundball, 6, EV 86.3 MPH)
|
| Top of the 6th over - 3 runs, 3 hits, 0 errors, 0 left on base; Charleston 6 - Greenville 0 |
| BOTTOM OF THE 6TH |
|
Greenville Drive batting - Pitching for Charleston RiverDogs : RHP Soh Kawashima
|
|
Batting: RHB Dan Friess
|
0-0: Foul Ball, location: 2F 0-1: Ball 1-1: Fly out, F7 (Flyball, 78M, EV 85.6 MPH)
|
|
Batting: RHB Devon Fourcade
|
0-0: Swinging Strike 0-1: Ground out 6-3 (Groundball, 6, EV 80.6 MPH)
|
|
Batting: RHB John Chiesa
|
0-0: Ball 1-0: Ground out 4-3 (Groundball, 4, EV 84.4 MPH)
|
| Bottom of the 6th over - 0 runs, 0 hits, 0 errors, 0 left on base; Charleston 6 - Greenville 0 |
| TOP OF THE 7TH |
|
Charleston RiverDogs batting - Pitching for Greenville Drive : LHP Jason Kell
|
|
Batting: LHB Eddie Ramirez
|
0-0: Called Strike 0-1: Ball 1-1: Fly out, F8 (Flyball, 78D, EV 101.3 MPH)
|
|
Batting: RHB Eric Blais
|
0-0: Ball 1-0: Ball 2-0: Foul Ball, location: 2F 2-1: Ball 3-1: Foul Ball, location: 2F 3-2: Fly out, F9 (Flyball, 89D, EV 101.9 MPH)
|
|
Batting: RHB Miguel Leal
|
0-0: Called Strike 0-1: Ball 1-1: Swinging Strike 1-2: Strikes out looking
|
| Top of the 7th over - 0 runs, 0 hits, 0 errors, 0 left on base; Charleston 6 - Greenville 0 |
| BOTTOM OF THE 7TH |
|
Greenville Drive batting - Pitching for Charleston RiverDogs : RHP Soh Kawashima
|
|
Batting: RHB Larry Brocato
|
0-0: Called Strike 0-1: Ball 1-1: Foul Ball, location: 2F 1-2: Fly out, F2 (Popup, 23F, EV 85.6 MPH)
|
|
Batting: RHB David Clark
|
0-0: Ball 1-0: Fly out, F2 (Popup, 3SF, EV 82.5 MPH)
|
|
Batting: RHB Adugna Chandu
|
0-0: Ground out 4-3 (Groundball, 4MD, EV 101.3 MPH)
|
| Bottom of the 7th over - 0 runs, 0 hits, 0 errors, 0 left on base; Charleston 6 - Greenville 0 |
| TOP OF THE 8TH |
|
Charleston RiverDogs batting - Pitching for Greenville Drive : LHP Jason Kell
|
|
Batting: RHB Nick Massengale
|
0-0: Ball 1-0: Ball 2-0: Fly out, F8 (Line Drive, 8LM, EV 94.4 MPH)
|
|
Batting: SHB Plácido Barrrenho
|
0-0: Ball 1-0: Fly out, F4 (Popup, 4, EV 60.0 MPH)
|
|
Batting: LHB Tatsuo Yasui
|
0-0: Called Strike 0-1: Ball 1-1: Ball 2-1: Swinging Strike 2-2: Foul Ball, location: 2F 2-2: Ground out 4-3 (Groundball, 4S, EV 68.1 MPH)
|
| Top of the 8th over - 0 runs, 0 hits, 0 errors, 0 left on base; Charleston 6 - Greenville 0 |
| BOTTOM OF THE 8TH |
|
Greenville Drive batting - Pitching for Charleston RiverDogs : RHP Soh Kawashima
|
|
Batting: RHB Mike Cavagnaro
|
0-0: Foul Ball, location: 2F 0-1: Foul Ball, location: 2F 0-2: Ground out 2-3 (Groundball, 2R, EV 65.6 MPH)
|
|
Pitching: RHP William Beran
|
|
|
Batting: RHB David Norum
|
0-0: Foul Ball, location: 2F 0-1: Ground out U3 (Groundball, 34, EV 76.3 MPH)
|
|
Batting: LHB Sergio Tinoco
|
0-0: Ground out 4-3 (Groundball, 4M, EV 105.6 MPH)
|
| Bottom of the 8th over - 0 runs, 0 hits, 0 errors, 0 left on base; Charleston 6 - Greenville 0 |
| TOP OF THE 9TH |
|
Charleston RiverDogs batting - Pitching for Greenville Drive : LHP Jason Kell
|
|
Pitching: RHP Frank Roberts
|
|
|
Batting: SHB Blake Abbott
|
0-0: Called Strike 0-1: Ball 1-1: Foul Ball, location: 2F 1-2: Ball 2-2: Fly out, F8 (Line Drive, 8LD, EV 96.9 MPH)
|
|
Batting: RHB James Boynton
|
0-0: Foul Ball, location: 2F 0-1: Foul Ball, location: 2F 0-2: Ball 1-2: Ball 2-2: Strikes out swinging
|
|
Batting: SHB Reagan Dudley
|
0-0: Ground out 4-3 (Groundball, 4, EV 102.5 MPH)
|
| Top of the 9th over - 0 runs, 0 hits, 0 errors, 0 left on base; Charleston 6 - Greenville 0 |
| BOTTOM OF THE 9TH |
|
Greenville Drive batting - Pitching for Charleston RiverDogs : RHP William Beran
|
|
Batting: RHB Dan Friess
|
0-0: Ball 1-0: Called Strike 1-1: SINGLE (Line Drive, 56D, EV 99.4 MPH)
|
|
Batting: RHB Devon Fourcade
|
0-0: Ball 1-0: Fly out, F9 (Flyball, 9, EV 90.6 MPH)
|
|
Batting: RHB John Chiesa
|
0-0: Ball 1-0: Called Strike 1-1: Ball 2-1: Called Strike 2-2: Reached on error, E6 (Groundball, 6S, EV 84.4 MPH) Dan Friess to second
|
|
Batting: RHB Larry Brocato
|
0-0: Called Strike 0-1: Ball 1-1: Foul Ball, location: 2F 1-2: Strikes out swinging
|
|
Batting: RHB David Clark
|
0-0: Called Strike 0-1: Ball 1-1: Called Strike 1-2: Ball 2-2: Strikes out swinging
|
| Bottom of the 9th over - 0 runs, 1 hit, 1 error, 2 left on base; Charleston 6 - Greenville 0 |
|